 Dungeon Crawl Stone Soup version 0.29-a0-1043-g569b05d6ff (webtiles) character file.

Game seed: 15334856677233198931

112 DungeonMaster the Trooper (level 4, -3/38 HPs)
             Began as a Demonspawn Wanderer on Aug 16, 2022.
             Succumbed to poison (dark miasma)
             ... on level 3 of the Dungeon.
             The game lasted 00:03:05 (2399 turns).

DungeonMaster the Trooper (Demonspawn Wanderer)     Turns: 2399, Time: 00:03:05

Health: -3/38      AC:  6    Str: 11    XL:     4   Next: 64%
Magic:  3/6        EV: 10    Int: 14    God:
Gold:   133        SH:  0    Dex: 15    Spells: 5/5 levels left

rFire   . . .      SeeInvis .   a - +3 falchion
rCold   . . .      Faith    .   (no shield)
rNeg    . . .      Spirit   +   e - +0 ring mail
rPois   .          Reflect  .   (no helmet)
rElec   .          Harm     .   (no cloak)
rCorr   .          Rampage  .   g - +0 pair of gloves
Will    .....                   (no boots)
Stlth   +.........              o - amulet of guardian spirit
HPRegen 0.12/turn               (no ring)
MPRegen 0.10/turn               (no ring)

@: lethally poisoned (-3 -> -49)
A: demonic guardian 1, weakness stinger 1
a: no special abilities


You were on level 3 of the Dungeon.
You visited 1 branch of the dungeon, and saw 3 of its levels.

You collected 133 gold pieces.

Inventory:

Hand Weapons
 a - a +3 falchion (weapon)
 s - a +2 short sword of venom
Missiles
 d - a throwing net
 f - 18 stones
 h - 6 curare-tipped darts
 i - 2 poisoned darts
 p - 6 boomerangs
Armour
 e - a +0 ring mail (worn)
 g - a +0 pair of gloves (worn)
Jewellery
 o - an amulet of guardian spirit (around neck)
Scrolls
 b - 2 scrolls of silence
Potions
 c - a potion of flight
 j - a potion of heal wounds {unknown}
 k - a potion of brilliance {unknown}
 l - a potion of curing {unknown}
 m - 2 potions of mutation
 n - a potion of invisibility {unknown}


   Skills:
 * Level 4.7 Fighting
 - Level 2.6 Long Blades
 * Level 1.8 Armour
 * Level 2.0 Dodging
 * Level 1.4 Spellcasting
 - Level 1.0 Ice Magic
 - Level 1.0 Evocations


You had 5 spell levels left.
You didn't know any spells.
Your spell library contained the following spells:

 Spells                   Type           Power      Damage    Failure   Level
 Freeze                   Ice            12%        1d4       36%         1
 Apportation              Tloc           2%         N/A       52%         1
 Necrotise                Necr           4%         1d4       52%         1
 Sting                    Tmut/Pois      4%         1d3       52%         1
 Summon Small Mammal      Summ           4%         N/A       52%         1
 Poisonous Vapours        Pois/Air       2%         N/A       65%         2
 Ozocubu's Armour         Ice            3%         N/A       75%         3
 Ignite Poison            Fire/Tmut/Pois 1%         N/A       87%         3
 Mephitic Cloud           Conj/Pois/Air  1%         N/A       87%         3
 Corpse Rot               Necr/Pois/Air  1%         N/A       99%         4
 Olgreb's Toxic Radiance  Pois           1%         N/A       99%         4
 Freezing Cloud           Conj/Ice/Air   0%         6-21      100%        5


Dungeon Overview and Level Annotations

Branches:
Dungeon (3/15)

Altars:
Fedhas
Kikubaaqudgha
Makhleb
Okawaru
Qazlal


Innate Abilities, Weirdness & Mutations

A weak demonic guardian rushes to your aid.
You have a small tail.


Message History

No target in view!
No target in view!
No target in view!
No target in view!
No target in view!
No target in view!
No target in view!
You see here a hobgoblin corpse.
There is an escape hatch in the floor here.
You now have 122 gold pieces (gained 13).
There is a stone staircase leading down here.
A quokka comes into view.
The quokka bites you but does no damage.
You slash the quokka!
You kill the quokka!
No target in view!
No target in view!
No target in view!
No target in view!
No target in view!
No target in view!
No target in view!
No target in view!
No target in view!
No target in view!
No target in view!
Found an ancient bone altar of Kikubaaqudgha.
Partly explored, can't reach some items.
Partly explored, can't reach some items.
There is an ancient bone altar of Kikubaaqudgha here.
Really walk into a travel-excluded area?
You are engulfed in dark miasma.
You are poisoned.
You feel very sick.
You see here 11 gold pieces.
You now have 133 gold pieces (gained 11).
You are engulfed in dark miasma.
You are lethally poisoned!
* * * LOW HITPOINT WARNING * * *
You feel extremely sick.
You die...

# ##.# #.#.##.##########.#
###..# #.#..#.#.......##.#
.#...# #.#.......####.##.#
#.#..# ####.###..####.##.#
..#..######## #°...§#....†.....#
............###.....#.#####.####
.##..######.#...._....#####.#
.....# ####.#.#.....#.......#
#.#### #......#§@..§#########
#.# ##.##.#.###.### #.#
#.........#.# #.###
#...........# ....#
#.........### ....# #.........#
....# #.........# ....#
#.........# ....# #.........##


There were no monsters in sight!

Vanquished Creatures
  An orc priest (D:3)
  3 adders
  2 dart slugs
  4 orcs (D:3)
  3 endoplasms
  2 giant cockroaches
  4 goblins
  3 hobgoblins
  5 quokkas
  5 ball pythons
  6 bats
  2 frilled lizards
  5 kobolds
  5 rats
50 creatures vanquished.

Notes
Turn   | Place    | Note
-------+----------+-------------------------------------------
     0 | D:1      | DungeonMaster the Demonspawn Wanderer began the quest for
                  | the Orb.
     0 | D:1      | DungeonMaster set off with the following items: a +3
                  | falchion, a scroll of silence, a +0 robe; and the following
                  | spell memorised: Freeze; and the following spells available
                  | to memorise: Ozocubu's Armour.
     0 | D:1      | Reached XP level 1. HP: 19/19 MP: 2/2
   433 | D:1      | Gained mutation: A weak demonic guardian rushes to your
                  | aid. [demonic ancestry]
   433 | D:1      | Reached XP level 2. HP: 23/25 MP: 3/3
   678 | D:1      | Reached skill level 1 in Dodging
   991 | D:2      | Reached skill level 1 in Armour
  1078 | D:2      | Found a faded altar of an unknown god.
  1189 | D:2      | Discovered your monstrous ancestry.
  1189 | D:2      | Gained mutation: You have a small tail. [demonic ancestry]
  1189 | D:2      | Reached XP level 3. HP: 31/31 MP: 4/4
  1955 | D:3      | Reached XP level 4. HP: 38/38 MP: 5/5
  2032 | D:3      | Found a blossoming altar of Fedhas.
  2034 | D:3      | Found a burning altar of Makhleb.
  2038 | D:3      | Found a stormy altar of Qazlal.
  2040 | D:3      | Found an iron altar of Okawaru.
  2359 | D:3      | Found an ancient bone altar of Kikubaaqudgha.
  2399 | D:3      | Succumbed to poison (dark miasma)

Illustrated notes

Levels and vault maps discovered:
D:1:      scummos_arrival_simple_crosswalls, layout_basic
D:2:      layout_basic, shapermc_ecumenical_altar_venn, minmay_hexomino_r4
D:3:      layout_loops_cross, nicolae_kikubaaqudgha_miasma_corner, minitemple,
          serial_glass, glass_columns_b, glass_columns_a, feat_on_display,
          item_on_display_b, feat_on_display

Skill      XL: |  1  2  3  4 |
---------------+-------------+-----
Dodging        | 1 2 |  2.0
Armour         | 1 |  1.8
Fighting       | |  4.7
Long Blades    | |  2.6
Spellcasting   | |  1.4
Ice Magic      | |  1.0
Evocations     | |  1.0

Action                   |  1- 3 |  4- 6 || total
-------------------------+-------+-------++-------
Melee: Falchion          |    86 |    31 ||   117
       Punch             |     1 |       ||     1
       Tailslap          |     7 |     3 ||    10
  Use: Scroll            |     6 |       ||     6
 Stab: Sleeping          |     1 |       ||     1
Armor: Ring mail         |    38 |    15 ||    53
Dodge: Dodged            |    49 |    22 ||    71

Table legend: (Time is in decaauts)
 A = Elapsed time spent in this place.
 B = Non-inter-level travel time spent in this place.
 C = Inter-level travel time spent in this place.
 D = Time resting spent in this place.
 E = Time spent auto-exploring this place.
 F = Levels seen in this place.
 G = Mean time per level.
                   A        B        C        D        E       F      G
               +--------+--------+--------+--------+--------+-----+--------+
         Total |   2417 |   2392 |     25 |     72 |   1960 |   3 |  805.7 |
       Dungeon |   2417 |   2392 |     25 |     72 |   1960 |   3 |  805.7 |
               +--------+--------+--------+--------+--------+-----+--------+

Top non-repeatable levels by time:
     D:1: 940 daAuts
     D:3: 786 daAuts
     D:2: 691 daAuts
